 Dungeon Crawl Stone Soup version 0.23.0 (webtiles) character file.

Game seed: 3637434063404103091

15277 Lavandula the Grappler (level 11, 0/105 HPs)
             Began as a Troll Wanderer on Feb 17, 2019.
             Was the Champion of Cheibriados.
             Killed by divine providence
             ... invoked by an orc priest
              (16 damage)
             ... on level 2 of the Orcish Mines.
             The game lasted 00:23:01 (7828 turns).

Lavandula the Grappler (Troll Wanderer)             Turns: 7828, Time: 00:23:02

Health: 0/105      AC: 15    Str: 38    XL:     11   Next: 99%
Magic:  8/16       EV: 14    Int: 26    God:    Cheibriados [******]
Gold:   1148       SH:  3    Dex: 26    Spells: 10/18 levels left

rFire    + + .     SeeInvis .     - Unarmed
rCold    x . .     Gourm    +   (shield currently unavailable)
rNeg     . . .     Faith    .   R - +0 fire dragon scales
rPois    +         Spirit   .   (helmet restricted)
rElec    .         Reflect  +   e - +0 cloak
rCorr    .         Harm     .   (gloves unavailable)
MR       ++...                  (boots unavailable)
Stlth    +.........             l - +3 amulet of reflection
HPRegen  0.67/turn              o - ring of poison resistance
MPRegen  0.15/turn              L - ring of the Mage {Wiz MR++ Int+3}

@: blade hands (expiring), marked, very slow
A: large, unfitting armour, claws 3, fast metabolism 3, gourmand, regeneration
1, shaggy fur 1, tough skin 3
a: End Transformation, Bend Time, Temporal Distortion, Slouch, Step From Time,
Renounce Religion


You were on level 2 of the Orcish Mines.
You worshipped Cheibriados.
Cheibriados was exalted by your worship.
You were full.
You had blades for hands.
You visited 2 branches of the dungeon, and saw 11 of its levels.
You also visited: Volcano.

You collected 1261 gold pieces.
You spent 113 gold pieces at shops.

Inventory:

Hand Weapons
 N - a +0 blowgun
Missiles
 n - 7 tomahawks of dispersal (quivered)
 x - 3 tomahawks
 C - a throwing net
 O - 10 poisoned needles
Armour
 e - a +0 cloak (worn)
 G - a +2 robe of cold resistance
 Q - a +0 troll leather armour
 R - +0 fire dragon scales (worn)
Magical Staves
 w - an uncursed staff of fire {unknown}
Jewellery
 l - a +3 amulet of reflection (around neck)
 o - a ring of poison resistance (left scythe-like blade)
 t - an uncursed amulet of faith {unknown}
 y - an uncursed ring of see invisible
 A - an uncursed ring of positive energy
 E - an uncursed amulet of the acrobat {unknown}
 H - an uncursed ring of stealth
 L - the ring of the Mage (right scythe-like blade) {Wiz MR++ Int+3}
   (You found it on level 8 of the Dungeon)

   [ring of wizardry]

   It improves your spell success rate.
   It affects your intelligence (+3).
   It affects your resistance to hostile enchantments.
Wands
 s - a wand of iceblast (6)
 K - a wand of paralysis (8)
 M - a wand of polymorph (12)
Scrolls
 b - 2 scrolls of blinking {unknown}
 i - 4 scrolls of identify {unknown}
 j - a scroll of immolation {unknown}
 m - 2 scrolls of enchant weapon {unknown}
 p - 3 scrolls of fear {unknown}
 r - 7 scrolls of remove curse {unknown}
 v - 2 scrolls of fog {unknown}
 z - 3 scrolls of teleportation {unknown}
 B - a scroll of random uselessness {unknown}
 D - a scroll of enchant armour {unknown}
 P - a scroll of vulnerability {unknown}
Potions
 a - 3 potions of curing {unknown}
 c - 2 potions of lignification
 g - a potion of agility {unknown}
 h - 3 potions of heal wounds {unknown}
 k - 2 potions of degeneration {unknown}
 q - 2 potions of haste {unknown}
 u - 2 potions of mutation {unknown}
 F - 2 potions of magic {unknown}
 I - a potion of brilliance {unknown}
 J - 3 potions of berserk rage {unknown}
 S - 3 potions of resistance {unknown}
 T - a potion of might
 U - a potion of ambrosia {unknown}
Comestibles
 f - 21 rations


   Skills:
 - Level 5.8 Fighting
   Level 3.6 Maces & Flails
 - Level 5.1 Armour
 - Level 7.2 Dodging
 - Level 1.0 Stealth
 - Level 10.1 Unarmed Combat
 - Level 4.0 Spellcasting
   Level 1.2 Hexes
 - Level 5.1 Transmutations
 + Level 5.1 Invocations
 - Level 1.0 Evocations


You had 10 spell levels left.
You knew the following spells:

 Your Spells              Type           Power        Failure   Level  Hunger
a - Blink                 Tloc           N/A          34%         2    None
b - Beastly Appendage     Tmut           ####..       9%          1    None
c - Blade Hands           Tmut           ####......   52%         5    #####..

Your spell library contained the following spells:

 Spells                   Type           Power        Failure   Level  Hunger
 Sticks to Snakes         Tmut           ####....     11%         2    None
 Magic Dart               Conj           #...         26%         1    None
 Shock                    Conj/Air       #...         26%         1    None
 Summon Small Mammal      Summ           #...         26%         1    None
 Slow                     Hex            ##......     26%         2    None
 Spider Form              Tmut/Pois      ###.......   28%         3    ##.....
 Call Imp                 Summ           #.......     34%         2    None
 Swiftness                Chrm/Air       #.......     34%         2    None
 Call Canine Familiar     Summ           #.......     50%         3    ##.....
 Conjure Flame            Conj/Fire      #.......     50%         3    ##.....
 Mephitic Cloud           Conj/Pois/Air  #.......     50%         3    ##.....
 Static Discharge         Conj/Air       #.......     50%         3    ##.....
 Ice Form                 Ice/Tmut       ###.....     54%         4    ####...
 Airstrike                Air            #.........   82%         4    ####...
 Lightning Bolt           Conj/Air       #.........   97%         5    #####..


Dungeon Overview and Level Annotations

Branches:
Dungeon (9/15)             Temple (0/1) D:4             Orc (2/2) D:9
   Lair: D:8-11         Elf: Orc:2

Altars:
Cheibriados
Dithmenos
Fedhas
Gozag
Hepliaklqana
Makhleb
Sif Muna
Trog
Uskayaw
Vehumet
Xom
Yredelemnul
The Shining One
Beogh

Shops:
D:4 (   D:5 (   Orc:1 *

Annotations:
D:7 3 runed translucent doors, Ratty's ghost, novice GnMo


Innate Abilities, Weirdness & Mutations

You are too large for most types of armour.
You have claws for hands.
Your metabolism is lightning-fast.
You like to eat raw meat.
Your natural rate of healing is unusually fast.
You are covered in fur. (AC +1)
You have extremely tough skin. (AC +3)


Message History

The orc high priest mumbles some strange prayers to Beogh against you.
Beogh smites you!
Unknown command.
The orc hits you but does no damage. You block the orc warrior's attack.
Unknown command.
Okay, then.
Okay, then.
Unknown command.
The orc priest mumbles some strange prayers to Beogh against you.
Beogh smites you!
The orc warrior hits you with a +1 dire flail of protection!
* * * LOW HITPOINT WARNING * * *
The orc priest casts a cantrip, but nothing happens.
The orc warrior barely misses you. The orc hits you but does no damage.
The orc warrior hits you with a +1 dire flail of protection!
* * * LOW HITPOINT WARNING * * *
The orc priest begins to cast a cantrip, but forgets the words!
The orc priest calls down the wrath of Beogh upon you.
Beogh smites you!
You die...

#..#o)ooo....#......##.#..$...
#..)o..#......#.##..##....##.#
#...#)##..oo......#....<.......
#...######.#.............(......
....# ####.oo...#......#.....
#### ###o.oo..##..#......
#.oo#...o#.........
##o##..............
#@#..........☼....
#.......#.......... ##..........
...... ......... .... .........
.... .......... .... .........#
... ........... .. . . ..


You could see 2 orc warriors, 3 orc priests and 2 orcs.

Vanquished Creatures
  A stone giant (Orc:1)
  Azrael (Orc:2)
  Erica (D:8)
  A two-headed ogre (Orc:1)
  2 orc sorcerers (Orc:1)
  An ugly thing (D:8)
  A cyclops (Orc:1)
  A gargoyle (Volcano)
  An efreet (Volcano)
  A queen bee (D:9)
  2 trolls (Orc:1)
  Grinder (D:6)
  3 hippogriffs
  8 fire elementals
  3 fire bats (Orc:1)
  2 hungry ghosts
  4 wargs
  Duvessa (D:6)
  2 hell hounds (Orc:2)
  13 orc warriors
  A sky beast (D:4)
  2 black bears (D:8)
  4 ice beasts
  3 phantoms
  5 ogres
  2 centaurs
  3 big kobolds
  Blork the orc (D:6)
  Dowan (D:6)
  3 bullfrogs
  2 scorpions
  31 killer bees
  3 howler monkeys
  3 crimson imps
  A bullfrog zombie (D:8)
  A hound (D:8)
  A jelly (D:8)
  Crazy Yiuf (D:6)
  2 bullfrog skeletons
  4 orc priests (Orc:1)
  9 orc wizards
  Jessica (D:3)
  Ijyb (D:3)
  5 worker ants
  A hound zombie (D:7)
  A hound skeleton (D:5)
  A howler monkey zombie (D:7)
  15 gnolls
  A howler monkey skeleton (D:4)
  9 adders
  3 shadow imps
  An adder skeleton (D:7)
  2 worms
  2 dart slugs
  9 leopard geckos
  42 orcs
  3 giant cockroaches
  6 goblins
  7 hobgoblins
  9 jackals
  22 kobolds
  A quokka (D:4)
  5 ball pythons
  3 bats
  2 frilled lizards
  A jackal skeleton (D:5)
  A jackal zombie (D:5)
  2 quokka skeletons (D:4)
  5 rats
  A spectral orc (D:9)
295 creatures vanquished.

Notes
Turn   | Place    | Note
-------+----------+-------------------------------------------
     0 | D:1      | Lavandula the Troll Wanderer began the quest for the Orb.
     0 | D:1      | Lavandula set off with the following items: a potion of
                  | lignification, a +0 robe, a +0 club, 2 rations; and the
                  | following spells available to memorise: Slow, Magic Dart,
                  | Summon Small Mammal, Blink, Call Imp, Call Canine Familiar,
                  | Conjure Flame, Mephitic Cloud
     0 | D:1      | Reached XP level 1. HP: 19/19 MP: 1/1
    84 | D:1      | Reached skill level 1 in Unarmed Combat
   129 | D:1      | Reached XP level 2. HP: 27/27 MP: 2/2
   136 | D:1      | Learned a level 2 spell: Blink
   220 | D:1      | Reached skill level 2 in Unarmed Combat
   643 | D:2      | Learned a level 1 spell: Beastly Appendage
   663 | D:2      | Reached XP level 3. HP: 31/33 MP: 3/3
   714 | D:2      | Reached skill level 3 in Unarmed Combat
   735 | D:2      | Reached XP level 4. HP: 33/41 MP: 0/4
   778 | D:2      | Found a bloodstained altar of Trog.
   835 | D:2      | Reached skill level 4 in Unarmed Combat
   849 | D:2      | Found an opulent altar of Gozag.
   954 | D:2      | Found a glowing golden altar of the Shining One.
  1470 | D:3      | Found a snail-covered altar of Cheibriados.
  1492 | D:3      | Noticed Ijyb
  1504 | D:3      | Killed Ijyb
  1504 | D:3      | Reached XP level 5. HP: 42/48 MP: 5/5
  1518 | D:3      | Became a worshipper of Cheibriados the Contemplative
  1540 | D:3      | Found a shadowy altar of Dithmenos.
  1614 | D:3      | Noticed Jessica
  1624 | D:3      | Killed Jessica
  1624 | D:3      | Reached skill level 5 in Unarmed Combat
  2192 | D:4      | Reached * piety under Cheibriados
  2414 | D:4      | Found a hide-covered altar of Uskayaw.
  2489 | D:4      | Found Wapnuut's Weapon Boutique.
  2494 | D:4      | Reached XP level 6. HP: 53/55 MP: 6/6
  2569 | D:4      | Reached skill level 6 in Unarmed Combat
  2577 | D:4      | Reached ** piety under Cheibriados
  2806 | D:4      | Found a staircase to the Ecumenical Temple.
  2876 | D:5      | Entered Level 5 of the Dungeon
  3046 | D:5      | Found Vewumme's Antique Weapon Boutique.
  3060 | D:5      | Noticed a sky beast
  3069 | D:4      | Killed a sky beast
  3069 | D:4      | Reached skill level 7 in Unarmed Combat
  3069 | D:4      | Reached XP level 7. HP: 51/62 MP: 7/7
  3148 | D:5      | Found an opulent altar of Gozag.
  3470 | D:5      | Found a shimmering altar of Xom.
  3475 | D:5      | Found a shimmering altar of Xom.
  3476 | D:5      | Found a shimmering altar of Xom.
  3477 | D:5      | Found a shimmering altar of Xom.
  3477 | D:5      | Found a shimmering altar of Xom.
  3566 | D:5      | Reached skill level 8 in Unarmed Combat
  3891 | D:6      | Noticed Dowan
  3891 | D:6      | Noticed Duvessa
  3901 | D:6      | Killed Duvessa
  3901 | D:6      | Reached skill level 9 in Unarmed Combat
  3901 | D:6      | Reached XP level 8. HP: 34/70 MP: 8/8
  3903 | D:6      | Killed Dowan
  3968 | D:6      | Learned a level 5 spell: Blade Hands
  3973 | D:6      | Noticed Grinder
  3980 | D:6      | Killed Grinder
  3980 | D:6      | Reached skill level 10 in Unarmed Combat
  4011 | D:6      | Reached skill level 1 in Dodging
  4053 | D:6      | Reached *** piety under Cheibriados
  4125 | D:6      | Noticed Blork the orc
  4131 | D:6      | Killed Blork the orc
  4131 | D:6      | Reached skill level 1 in Invocations
  4452 | D:6      | Found a runed translucent door.
  4453 | D:6      | Noticed Crazy Yiuf
  4458 | D:6      | Killed Crazy Yiuf
  4650 | D:7      | Noticed a hippogriff
  4656 | D:7      | Killed a hippogriff
  4656 | D:7      | Reached skill level 5 in Invocations
  4656 | D:7      | Reached XP level 9. HP: 72/76 MP: 11/11
  4721 | D:7      | Reached skill level 1 in Transmutations
  4806 | D:7      | Found a runed translucent gate.
  4806 | D:7      | Found a runed translucent gate.
  4806 | D:7      | Found a runed translucent gate.
  4806 | D:7      | Noticed Ratty's ghost (novice GnMo)
  5127 | D:7      | Found a blossoming altar of Fedhas.
  5172 | D:7      | Found a burning altar of Makhleb.
  5182 | D:7      | Reached **** piety under Cheibriados
  5243 | D:7      | Found a radiant altar of Vehumet.
  5247 | D:7      | Found a deep blue altar of Sif Muna.
  5445 | D:8      | Noticed a purple ugly thing
  5452 | D:8      | Killed a purple ugly thing
  5467 | D:8      | Noticed Erica
  5471 | D:8      | Reached skill level 5 in Transmutations
  5761 | D:8      | Killed Erica
  5761 | D:8      | Reached XP level 10. HP: 83/94 MP: 1/12
  5842 | D:8      | Found the ring of the Mage {Wiz MR++ Int+3}
  5970 | D:8      | Reached skill level 5 in Fighting
  5973 | D:8      | Reached ***** piety under Cheibriados
  6079 | D:8      | Found a shimmering altar of Xom.
  6208 | D:9      | Found a hazy altar of Hepliaklqana.
  6251 | D:9      | Reached skill level 5 in Dodging
  6320 | D:9      | Found a staircase to the Orcish Mines.
  6329 | D:9      | Found a basalt altar of Yredelemnul.
  6345 | Orc:1    | Entered Level 1 of the Orcish Mines
  6433 | Orc:1    | Found a dark tunnel.
  6459 | Volcano  | Entered a volcano
  6459 | Volcano  | Noticed a gargoyle
  6460 | Volcano  | Killed a gargoyle
  6460 | Volcano  | Reached XP level 11. HP: 104/104 MP: 7/13
  6621 | Orc:1    | Noticed an orc sorcerer
  6629 | Orc:1    | Noticed a sun demon
  6638 | Orc:1    | Killed an orc sorcerer
  6638 | Orc:1    | Reached skill level 1 in Armour
  6788 | Orc:1    | Found a roughly hewn altar of Beogh.
  6815 | Orc:1    | Noticed a stone giant
  6827 | Orc:1    | Killed a stone giant
  6891 | Orc:1    | Found Fuomel's Assorted Antiques.
  6907 | Orc:1    | Bought a scroll labeled ROUFEU JAKEU for 29 gold pieces
  6907 | Orc:1    | Bought a lumpy cyan potion for 26 gold pieces
  6907 | Orc:1    | Bought a scroll labeled BICHOAG KARINN for 29 gold pieces
  6907 | Orc:1    | Bought a scroll labeled BICHOAG KARINN for 29 gold pieces
  7243 | Orc:2    | Entered Level 2 of the Orcish Mines
  7244 | Orc:2    | Noticed an orc sorcerer
  7258 | Orc:1    | Killed an orc sorcerer
  7264 | Orc:1    | Reached skill level 5 in Armour
  7312 | Orc:2    | Noticed Azrael
  7314 | Orc:2    | Reached ****** piety under Cheibriados
  7321 | Orc:2    | Killed Azrael
  7327 | Orc:2    | Noticed a two-headed ogre
  7396 | Orc:2    | Noticed an orc high priest
  7400 | Orc:1    | Killed a two-headed ogre
  7550 | Orc:2    | Noticed an orc knight
  7828 | Orc:2    | Killed from afar by an orc priest

Skill      XL: |  1  2  3  4  5  6  7  8  9 10 11 |
---------------+----------------------------------+-----
Unarmed Combat | 1 2 3 4 5 7 9 10 | 10.1
Dodging        | 1 6 7 |  7.2
Invocations    | 5 |  5.1
Transmutations | 5 |  5.1
Fighting       | 4 5 |  5.8
Armour         | 5 |  5.1
Spellcasting   | 4 |  4.0
Maces & Flails | |  3.6
Stealth        | |  1.0
Hexes          | |  1.2
Evocations     | |  1.0

Action                   |  1- 3 |  4- 6 |  7- 9 | 10-12 || total
-------------------------+-------+-------+-------+-------++-------
Melee: Club              |    36 |       |       |       ||    36
       Unarmed           |    39 |   182 |   231 |   236 ||   688
       Headbutt          |     2 |       |       |       ||     2
       Punch             |     1 |     6 |    14 |    16 ||    37
 Cast: Blink             |     1 |       |       |     4 ||     5
       Beastly Appendage |     1 |       |       |       ||     1
       Blade Hands       |       |       |       |    10 ||    10
Invok: Bend Time         |       |       |     1 |       ||     1
       Slouch            |       |       |       |     2 ||     2
Evoke: Wand              |       |       |     4 |     2 ||     6
 Stab: Sleeping          |     1 |     4 |     4 |     2 ||    11
  Eat: Chunk             |     6 |    22 |    22 |    24 ||    74
       Ration            |       |       |     1 |       ||     1
Armor: Robe              |    22 |    61 |    98 |    42 ||   223
       Troll leather arm |       |       |       |    14 ||    14
       Fire dragon scale |       |       |       |    68 ||    68
Dodge: Dodged            |    32 |    77 |    66 |   158 ||   333
Block: Other             |       |    20 |    20 |    39 ||    79
       Reflection        |       |       |     2 |       ||     2
